 Dungeon Sprint DCSS version 0.28.0-43-g3370ac3207 (webtiles) character file.

Game seed: 13707131664962352053

32777 boopmooplesden the Executioner (level 13, -4/135 HPs)
             Began as a Minotaur Berserker on Mar 2, 2022.
             Was the Champion of Trog.
             Slain by an iron golem (24 damage)
             ... in the Dungeon (Sprint II: "The Violet Keep of Menkaure").
             The game lasted 00:15:34 (4397 turns).

boopmooplesden the Executioner (Minotaur Berserker) Turns: 4397, Time: 00:15:35

Health: -4/135     AC: 27    Str: 30    XL:     13   Next: 33%
Magic:  9/9        EV: 14    Int:  4    God:    Trog [******]
Gold:   977        SH:  0    Dex: 11    Spells: 12/12 levels left

rFire   + + +      SeeInvis +   t - +6 executioner's axe
rCold   + . .      Faith    .   (shield currently unavailable)
rNeg    + + .      Spirit   .   j - +5 chain mail "Wetz" {rPois rF+}
rPois   +          Reflect  .   d - -2 hat of the Alchemist {rElec rPois rF+ rC+ rN+ Will+ rMut rCorr}
rElec   +          Harm     .   y - +0 cloak
rCorr   +          Rampage  .   v - +2 pair of gloves {Stlth+}
rMut    +          Rage     1%  i - +2 pair of boots
Will    ++...      NoTele   +   (no amulet)
Stlth   ..........              k - ring of Gejulu {*Slow rElec rF+ Str+4}
HPRegen 0.32/turn               x - ring of the Hidden Priests {rN+ Will+ SInv}
MPRegen 0.11/turn

@: no status effects
A: horns 2, retaliatory headbutt, berserk 1, deterioration 1, frail 1, low MP 2,
subdued magic 1
a: Renounce Religion, Berserk, Trog's Hand, Brothers in Arms


You were in the Dungeon.
You worshipped Trog.
Trog was exalted by your worship.
You visited 1 branch You collected 3619 gold pieces.
You spent 2642 gold pieces at shops.

Inventory:

Hand Weapons
 a - a +0 hand axe
 b - a +1 vorpal battleaxe
 e - a +5 vorpal war axe
 t - a +6 executioner's axe (weapon)
 K - a +9 vorpal battleaxe
 M - a +2 antimagic executioner's axe
Missiles
 s - 2 throwing nets (quivered)
Armour
 d - the -2 hat of the Alchemist (worn) {rElec rPois rF+ rC+ rN+ Will+ rMut rCorr}
   (You bought it in a shop in the Dungeon)

   rF:        It protects you from fire.
   rC:        It protects you from cold.
   rElec:     It insulates you from electricity.
   rPois:     It protects you from poison.
   rN:        It protects you from negative energy.
   rCorr:     It protects you from acid and corrosion.
   rMut:      It protects you from mutation.
   Will:      It increases your willpower.
 i - a +2 pair of boots (worn)
 j - the +5 chain mail "Wetz" (worn) {rPois rF+}
   (You bought it in a shop in the Dungeon)

   rF:        It protects you from fire.
   rPois:     It protects you from poison.
 v - a +2 pair of gloves of stealth (worn)
 w - a +0 kite shield
 y - a +0 cloak (worn)
 C - a +0 hat
 E - the +1 plate armour of Charity {rC+ Regen+}
   (You found it in the Dungeon)

   rC:        It protects you from cold.
   Regen:     It increases your rate of health regeneration.
Jewellery
 k - the ring of Gejulu (left hand) {*Slow rElec rF+ Str+4}
   (You bought it in a shop in the Dungeon)

   [ring of protection from fire]

   Str:       It affects your strength (+4).
   rF:        It protects you from fire.
   rElec:     It insulates you from electricity.
   *Slow:     It may slow you when you take damage.
 o - a +6 ring of strength
 r - an amulet of guardian spirit
 x - the ring of the Hidden Priests (right hand) {rN+ Will+ SInv}
   (You bought it in a shop in the Dungeon)

   [ring of see invisible]

   rN:        It protects you from negative energy.
   SInv:      It lets you see invisible.
   Will:      It increases your willpower.
 B - a ring of flight
 D - a +6 ring of strength
 F - a ring of resist corrosion
 G - an amulet of the acrobat
 H - the amulet of Keit {Acrobat rF- rN+ Int+5}
   (You found it in the Dungeon)

   [amulet of the acrobat]

   It increases your evasion while moving and waiting.
   Int:       It affects your intelligence (+5).
   rF:        It makes you vulnerable to fire.
   rN:        It protects you from negative energy.
 I - an amulet of faith
Wands
 z - a wand of flame (11)
Scrolls
 h - 2 scrolls of blinking
 m - a scroll of vulnerability {unknown}
 n - 2 scrolls of identify
Potions
 c - 3 potions of curing
 f - 14 potions of magic
 g - 2 potions of berserk rage
 l - 3 potions of resistance
 p - 7 potions of flight
 q - a potion of attraction
 u - a potion of degeneration {unknown}
 A - 2 potions of experience {unknown}
 J - 2 potions of haste
 L - a potion of brilliance {unknown}
 N - a potion of invisibility {unknown}


   Skills:
 + Level 23.8 Fighting
 + Level 26.3 Axes
 + Level 19.0 Armour
 + Level 12.2 Dodging
 + Level 2.9 Stealth


You had 12 spell levels left.
You didn't know any spells.
Your spell library was empty.

Dungeon Overview and Level Annotations

Branches:
Dungeon (1/1)

Altars:
Cheibriados
Dithmenos
Elyvilon
Fedhas
Gozag
Hepliaklqana
Kikubaaqudgha
Makhleb
Nemelex Xobeh
Okawaru
Qazlal
Ru
Sif Muna
Trog
Uskayaw
Vehumet
Wu Jian
Xom
Yredelemnul
Zin
The Shining One
Beogh
Jiyva
Lugonu

Shops:
D ?!::=[[!(((==[*[[:[=*[[:!?[*=:?[*

Annotations:
D exclusions: oklob plant and orange crystal statue


Innate Abilities, Weirdness & Mutations

You have a pair of horns on your head.
You reflexively headbutt those who attack you in melee.
You tend to lose your temper in combat.
Your body sometimes deteriorates upon taking damage.
You are frail. (-10% HP)
Your magical capacity is very low. (-20% MP)
Your spells are a little easier to cast, but a little less powerful.


Message History

You closely miss the electric golem.
The electric golem is almost destroyed.
The electric golem closely misses you. x2
The electric golem hits you but does no damage. x2
You slice the electric golem!!
You destroy the electric golem!
Trog accepts your kill.
Your Armour skill increases to level 19!
You chop the earth elemental into pieces!!!
The earth elemental is almost destroyed.
You hit the earth elemental.
The earth elemental is almost destroyed.
The earth elemental hits you.
You barely miss the earth elemental.
Your headbutt misses the earth elemental.
The earth elemental is almost destroyed.
You hit the earth elemental.
You destroy the earth elemental!
Trog accepts your kill.
p - 7 potions of flight (gained 3)
An iron golem comes into view.
You slice the iron golem!!
You headbutt the iron golem, but do no damage.
The iron golem is lightly damaged.
You slice the iron golem!! You headbutt the iron golem!
The iron golem is lightly damaged.
The iron golem hits you!! The iron golem completely misses you.
You hit the iron golem but do no damage.
You headbutt the iron golem.
The iron golem is lightly damaged.
You hit the iron golem but do no damage.
The iron golem is lightly damaged.
The iron golem hits you!!
* * * LOW HITPOINT WARNING * * *
The iron golem hits you but does no damage.
You hit the iron golem.
The iron golem is moderately damaged.
The iron golem barely misses you. You furiously retaliate!
You headbutt the iron golem. The iron golem hits you!!
You die...

####### ∩'.'≈.#
##§#### ##'#### ▓▓▓
≈≈≈≈≈≈## #+▓ ..▓
≈≈≈≈≈≈≈##
#.$▓▓▓+▓▓▓▓.▓
≈§≈≈≈≈≈≈#
#.9.+°..▓0..▓
§≈≈≈≈≈≈## §.^
#@#.○.▓▓▓▓▓▓▓▓▓▓ ▓
≈≈≈≈≈≈## ^..
#.#.°.▓≈≈≈≈≈§≈≈▓▓▓
++#)§'##
...#.##}"▓▓▓▓▓▓▓▓▓▓▓▓
.).§...#
..#..#○○▓...(:.[(▓▓.
##'##..#
#.#..#"○▓...():..▓▓.
#)..##.####
+.##.#:}▓((.[[)([▓▓.
.##..#....#
#^..####▓....)[.(▓▓.
#.######..##
##..##.#▓)..()..(▓▓.
##'###.##..#
+^†#..#▓..(...))▓▓.


You could see an iron golem.

Vanquished Creatures
  A golden dragon (D)
  An electric golem (D)
  A hellephant (D)
  A deep elf blademaster (D)
  A kraken (D)
  Gastronok (D)
  2 sphinxes (D)
  A storm dragon (D)
  Kirke (D)
  A draconian shifter (D)
  A dire elephant (D)
  A crystal guardian (D)
  A yaktaur captain (D)
  A centaur warrior (D)
  2 hell hogs (D)
  Sonja (D)
  3 sixfirhies (D)
  A skeletal warrior (D)
  2 death drakes (D)
  A glowing orange brain (D)
  2 deep trolls (D)
  A harpy (D)
  3 orc sorcerers (D)
  A toenail golem (D)
  A merfolk siren (D)
  An elephant (D)
  2 cane toads (D)
  An eye of devastation (D)
  2 unseen horrors (D)
  A kobold demonologist (D)
  A yaktaur (D)
  3 polar bears (D)
  A hornet (D)
  A blink frog (D)
  18 flying skulls (D)
  5 wyverns (D)
  4 neqoxecs (D)
  2 redbacks (D)
  Menkaure (D)
  5 water moccasins (D)
  2 swamp drakes (D)
  A necrophage (D)
  4 scorpions (D)
  2 earth elementals (D)
  9 electric eels (D)
  4 lava snakes (D)
  An iron imp (D)
  A jelly (D)
  5 tentacles (D)
110 creatures vanquished.

Vanquished Creatures (others)
  19 tentacles (D)
19 creatures vanquished.

Grand Total: 129 creatures vanquished

Notes
Turn   | Place    | Note
-------+----------+-------------------------------------------
     0 | D        | boopmooplesden the Minotaur Berserker began the quest for
                  | the Orb.
     0 | D        | Reached XP level 1. HP: 19/19 MP: 0/0
     1 | D        | Noticed a neqoxec
     1 | D        | Gained mutation: Your magical capacity is low. (-10% MP) [a
                  | neqoxec]
     3 | D        | Gained mutation: Your body sometimes deteriorates upon
                  | taking damage. [a neqoxec]
     5 | D        | Gained mutation: Your magical capacity is very low. (-20%
                  | MP) [a neqoxec]
     7 | D        | Gained mutation: Your spells are a little easier to cast,
                  | but a little less powerful. [a neqoxec]
    11 | D        | Gained mutation: You tend to lose your temper in combat. [a
                  | neqoxec]
    14 | D        | Killed a neqoxec
    15 | D        | Reached skill level 8 in Axes
    15 | D        | Reached XP level 2. HP: 35/35 MP: 0/0
    15 | D        | Reached XP level 3. HP: 40/40 MP: 1/1
    15 | D        | Reached XP level 4. HP: 48/48 MP: 2/2
    16 | D        | Noticed a neqoxec
    19 | D        | Killed a neqoxec
    20 | D        | Reached skill level 9 in Axes
    20 | D        | Reached skill level 5 in Armour
    20 | D        | Reached skill level 5 in Dodging
    20 | D        | Reached XP level 5. HP: 38/57 MP: 3/3
   106 | D        | Noticed a neqoxec
   106 | D        | Noticed a neqoxec
   112 | D        | Killed a neqoxec
   112 | D        | Reached ** piety under Trog
   113 | D        | Reached skill level 10 in Fighting
   113 | D        | Reached skill level 11 in Axes
   113 | D        | Reached XP level 6. HP: 67/67 MP: 3/3
   113 | D        | Gained mutation: You are frail. (-10% HP) [a neqoxec]
   117 | D        | Killed a neqoxec
   153 | D        | Reached skill level 12 in Axes
   153 | D        | Reached XP level 7. HP: 60/67 MP: 4/4
   164 | D        | Reached *** piety under Trog
   171 | D        | Noticed an orange crystal statue
   385 | D        | Noticed a merfolk siren
   399 | D        | Killed a merfolk siren
   399 | D        | Reached **** piety under Trog
   400 | D        | Reached skill level 13 in Axes
   400 | D        | Reached XP level 8. HP: 54/77 MP: 5/5
   507 | D        | Reached skill level 14 in Axes
   516 | D        | Found Tuudyce's Book Shoppe.
   516 | D        | Found Jizapaxt's Distillery.
   517 | D        | Found Apemeb's Antique Armour Emporium.
   517 | D        | Found Saxt's Book Shoppe.
   517 | D        | Found Nomuextavu's Antique Armour Emporium.
   517 | D        | Found Tige's Armour Shoppe.
   517 | D        | Found Enytusos's Antique Armour Emporium.
   518 | D        | Found Dukeehoi's Antique Armour Emporium.
   518 | D        | Found Pyefuff's Magic Scroll Emporium.
   518 | D        | Found Wytugag's Jewellery Shoppe.
   518 | D        | Found Ocvakuyl's Jewellery Shoppe.
   518 | D        | Found Osejuniu's Jewellery Emporium.
   519 | D        | Found Roleont's Antique Weapon Shoppe.
   519 | D        | Found Ypto's Distillery.
   519 | D        | Noticed Menkaure
   525 | D        | Noticed an oklob plant
   525 | D        | Noticed a polar bear
   526 | D        | Killed Menkaure
   527 | D        | Reached skill level 15 in Axes
   527 | D        | Found Nekhleru's Book Shoppe.
   540 | D        | Bought a pair of glowing boots for 135 gold pieces
   545 | D        | Noticed a polar bear
   546 | D        | Bought a translucent chain mail for 256 gold pieces
   546 | D        | Identified the +5 chain mail "Wetz" {rPois rF+} (You bought
                  | it in a shop in the Dungeon)
   562 | D        | Bought the ring of Gejulu {*Slow rElec rF+ Str+4} for 459
                  | gold pieces
   569 | D        | Bought a pair of boots for 99 gold pieces
   611 | D        | Noticed a blink frog
   617 | D        | Killed a blink frog
   617 | D        | Reached ***** piety under Trog
   638 | D        | Found a blossoming altar of Fedhas.
   638 | D        | Found an opulent altar of Gozag.
   639 | D        | Found a white marble altar of Elyvilon.
   639 | D        | Found a burning altar of Makhleb.
   640 | D        | Found a shadowy altar of Dithmenos.
   640 | D        | Found a corrupted altar of Lugonu.
   640 | D        | Found a sparkling altar of Nemelex Xobeh.
   640 | D        | Found a hide-covered altar of Uskayaw.
   641 | D        | Found a snail-covered altar of Cheibriados.
   641 | D        | Found an ancient bone altar of Kikubaaqudgha.
   641 | D        | Found a bloodstained altar of Trog.
   642 | D        | Found a viscous altar of Jiyva.
   642 | D        | Found a shimmering blue altar of Sif Muna.
   642 | D        | Found a basalt altar of Yredelemnul.
   643 | D        | Found a hazy altar of Hepliaklqana.
   643 | D        | Found a sacrificial altar of Ru.
   644 | D        | Found a shimmering altar of Xom.
   645 | D        | Found a stormy altar of Qazlal.
   645 | D        | Found an ornate altar of the Wu Jian Council.
   645 | D        | Found a glowing golden altar of the Shining One.
   645 | D        | Noticed a hornet
   645 | D        | Noticed a polar bear
   645 | D        | Noticed a polar bear
   646 | D        | Found an iron altar of Okawaru.
   646 | D        | Found a radiant altar of Vehumet.
   646 | D        | Found a glowing silver altar of Zin.
   646 | D        | Noticed a yaktaur
   647 | D        | Noticed a polar bear
   659 | D        | Killed a polar bear
   659 | D        | Killed a yaktaur
   660 | D        | Reached skill level 15 in Fighting
   660 | D        | Reached skill level 16 in Axes
   660 | D        | Reached XP level 9. HP: 87/87 MP: 6/6
   663 | D        | Killed a polar bear
   667 | D        | Killed a polar bear
   763 | D        | Noticed a kraken
   775 | D        | Received a gift from Trog
   776 | D        | Reached skill level 17 in Axes
  1135 | D        | Reached XP level 10. HP: 29/99 MP: 7/7
  1139 | D        | Reached ****** piety under Trog
  1140 | D        | Reached skill level 10 in Armour
  1143 | D        | Received a gift from Trog
  1151 | D        | Reached skill level 18 in Axes
  1521 | D        | Noticed a deep troll
  1521 | D        | Noticed a deep troll
  1527 | D        | Killed a deep troll
  1533 | D        | Killed a deep troll
  1610 | D        | Killed a kraken
  1611 | D        | Reached skill level 10 in Dodging
  1812 | D        | Noticed Kirke
  1812 | D        | Noticed a yaktaur captain
  1812 | D        | Noticed a skeletal warrior
  1830 | D        | Killed Kirke
  1831 | D        | Reached skill level 19 in Axes
  1831 | D        | Reached XP level 11. HP: 109/109 MP: 7/7
  1835 | D        | Killed a yaktaur captain
  1841 | D        | Killed a skeletal warrior
  1841 | D        | Received a gift from Trog
  1886 | D        | Noticed a centaur warrior
  1892 | D        | Killed a centaur warrior
  1893 | D        | Reached skill level 20 in Axes
  1973 | D        | Reached skill level 1 in Stealth
  2137 | D        | Received a gift from Trog
  2151 | D        | Reached skill level 15 in Armour
  2157 | D        | Noticed a hell hog
  2157 | D        | Noticed a hell hog
  2163 | D        | Killed a hell hog
  2164 | D        | Reached skill level 21 in Axes
  2168 | D        | Killed a hell hog
  2168 | D        | Received a gift from Trog
  2186 | D        | Found Enoim's Magic Scroll Emporium.
  2186 | D        | Found Owkadidgh's Book Shop.
  2186 | D        | Found Vikkel's Distillery.
  2186 | D        | Found Piamove's Jewellery Shoppe.
  2186 | D        | Found Duelox's Armour Boutique.
  2187 | D        | Found Muhedaja's Armour Shoppe.
  2187 | D        | Found Vien's Antique Weapon Boutique.
  2187 | D        | Found Leghoss's Assorted Antiques.
  2187 | D        | Found Sidosmixt's General Store.
  2187 | D        | Found Alis's Antique Weapon Emporium.
  2187 | D        | Found Xuriekki's Armour Shop.
  2187 | D        | Found Fim Romp's Antique Armour Shoppe.
  2199 | D        | Bought a +2 pair of gloves of stealth for 301 gold pieces
  2205 | D        | Bought a +0 kite shield for 49 gold pieces
  2207 | D        | Bought the ring of the Hidden Priests {rN+ Will+ SInv} for
                  | 445 gold pieces
  2211 | D        | Bought a +0 cloak for 49 gold pieces
  2256 | D        | Received a gift from Trog
  2403 | D        | Noticed a storm dragon
  2410 | D        | Killed a storm dragon
  2411 | D        | Reached skill level 22 in Axes
  2450 | D        | Found Labiruf's Assorted Antiques.
  2450 | D        | Found Haifig's Antique Armour Shoppe.
  2450 | D        | Found Luhegh's Magic Scroll Shop.
  2450 | D        | Found Batz's Assorted Antiques.
  2450 | D        | Noticed a golden dragon
  2457 | D        | Killed a golden dragon
  2458 | D        | Reached XP level 12. HP: 53/122 MP: 8/8
  2847 | D        | Noticed a sphinx
  2847 | D        | Noticed a sphinx
  2851 | D        | Killed a sphinx
  2851 | D        | Received a gift from Trog
  2852 | D        | Reached skill level 23 in Axes
  2857 | D        | Killed a sphinx
  2911 | D        | Found Sisaps's Book Shoppe.
  2912 | D        | Found Ysirauce's Jewellery Boutique.
  2935 | D        | Identified the +3 scale mail of Good Intentions {rF- rC+
                  | Int+6 Slay+3}
  3140 | D        | Noticed Gastronok
  3147 | D        | Killed Gastronok
  3147 | D        | Received a gift from Trog
  3148 | D        | Reached skill level 24 in Axes
  3149 | D        | Noticed a dire elephant
  3153 | D        | Killed a dire elephant
  3194 | D        | Identified the +1 plate armour of Charity {rC+ Regen+}
  3206 | D        | Identified the amulet of Keit {Acrobat rF- rN+ Int+5}
  3210 | D        | Identified the -4 pair of gloves of Dischus {Int+4}
  3250 | D        | Received a gift from Trog
  3313 | D        | Received a gift from Trog
  3314 | D        | Noticed a deep elf blademaster
  3326 | D        | Killed a deep elf blademaster
  3327 | D        | Reached skill level 25 in Axes
  3673 | D        | Noticed a hellephant
  3673 | D        | Noticed a purple draconian shifter
  3675 | D        | Noticed Sonja
  3680 | D        | Killed Sonja
  3680 | D        | Received a gift from Trog
  3681 | D        | Reached XP level 13. HP: 132/132 MP: 9/9
  3708 | D        | Killed a hellephant
  3711 | D        | Killed a purple draconian shifter
  4114 | D        | Bought the -2 hat of the Alchemist {rElec rPois rF+ rC+ rN+
                  | Will+ rMut rCorr} for 849 gold pieces
  4114 | D        | Found the -2 hat of the Alchemist {rElec rPois rF+ rC+ rN+
                  | Will+ rMut rCorr}
  4213 | D        | Received a gift from Trog
  4214 | D        | Reached skill level 26 in Axes
  4363 | D        | Noticed an electric golem
  4363 | D        | Noticed a crystal guardian
  4366 | D        | Killed a crystal guardian
  4381 | D        | Killed an electric golem
  4392 | D        | Noticed an iron golem
  4397 | D        | Slain by an iron golem

Illustrated notes

Levels and vault maps discovered:
D:        the_violet_keep_of_menkaure [sprint2_stairs_cluster_1,
          sprint2_shoproom, sprint2_temple, sprint2_basic_supplies,
          sprint2_obstacle_4, sprint2_obstacle_1, sprint2_obstacle_7,
          sprint2_obstacle_2, sprint2_obstacle_5, sprint2_timed_cluster_1,
          sprint2_smallroom_cluster_1, sprint2_smallroom_final_cluster_1,
          sprint2_transparent_cluster_1, sprint2_second_timed_cluster_1,
          sprint2_sniper_area_1, sprint2_heavy_combat_area_1,
          sprint2_mutation_trap_area_1, sprint2_forest_area_1,
          sprint2_light_combat_area_1, sprint2_behind_water_1,
          sprint2_near_end_vault_1]

Skill      XL: |  1  2  3  4  5  6  7  8  9 10 11 12 13 |
---------------+----------------------------------------+-----
Fighting       | 8 9 10 11 13 15 17 19 21 22 23 | 23.8
Axes           | 8 9 11 12 13 16 17 19 22 25 26 | 26.3
Armour         | 4 5 6 7 9 13 16 18 19 | 19.0
Dodging        | 4 5 6 7 8 9 10 11 12 | 12.2
Stealth        | 2 |  2.9

Action                   |  1- 3 |  4- 6 |  7- 9 | 10-12 | 13-15 || total
-------------------------+-------+-------+-------+-------+-------++-------
Melee: Hand axe          |    11 |    12 |    86 |       |       ||   109
       Headbutt          |     1 |     3 |    17 |    38 |    15 ||    74
       Punch             |     1 |       |       |       |       ||     1
       Battleaxe         |       |       |    36 |    84 |       ||   120
       Executioner's axe |       |       |       |   122 |    57 ||   179
Invok: Berserk           |     1 |       |     2 |    11 |     2 ||    16
  Use: Scroll            |       |       |     5 |     1 |       ||     6
       Potion            |       |       |     1 |     7 |     4 ||    12
Armor: Animal skin       |     2 |       |     2 |       |       ||     4
       Chain mail        |       |       |    54 |   110 |    40 ||   204
Dodge: Dodged            |     1 |     4 |    65 |    98 |    25 ||   193
